 Dungeon Crawl Stone Soup version 0.31.0-11-ge490571c62 (webtiles) character file.

Game seed: 10428733713555988635

1557 Ivernyr the Shield-Bearer (level 9, -1/67 (69) HPs)
             Began as a Formicid Fighter on Feb 7, 2024.
             Was an Initiate of Wu Jian.
             Slain by a wight
             ... wielding a +3 battleaxe of freezing
              (2 damage)
             ... on level 6 of the Dungeon.
             The game lasted 00:13:23 (5005 turns).

Ivernyr the Shield-Bearer (Formicid Fighter)        Turns: 5005, Time: 00:13:23

HP:   -1/67 (69)    AC:  7    Str: 31    XL:     9   Next: 12%
MP:   9/9           EV: 10    Int:  8    God:    Wu Jian [......]
Gold: 255           SH:  6    Dex: 19    Spells: 8/8 levels left

rFire   . . .        a - +0 glaive
rCold   . . .        c - +0 buckler
rNeg    . . .        b - +0 scale mail
rPois   .            (helmet unavailable)
rElec   .            (no cloak)
rCorr   .            (no gloves)
SInv    +            (no boots)
Will    .....        (no amulet) Stlth
                     e - +6 ring of strength
HPRegen 0.31/turn    y - +6 ring of dexterity
MPRegen 0.11/turn

%: no passive effects
@: lightly drained
A: permanent stasis, dig shafts and tunnels, antennae 3, four strong arms
a: Dig, Shaft Self, Renounce Religion


You were on level 6 of the Dungeon.
You worshipped Wu Jian.
Wu Jian was noncommittal.
You visited 2 branches of the dungeon, and saw 7 of its levels.

You collected 255 gold pieces.

Inventory:

Hand Weapons
 a - a +0 glaive (weapon)
Armour
 b - a +0 scale mail (worn)
 c - a +0 buckler (worn)
Jewellery
 e - a +6 ring of strength (left hand)
 i - a ring of flight
 y - a +6 ring of dexterity (right hand)
Wands
 w - a wand of iceblast (3)
 z - a wand of digging (2)
Scrolls
 g - 3 scrolls of vulnerability {unknown}
 h - a scroll of blinking {unknown}
 j - a scroll of enchant weapon {unknown}
 k - 5 scrolls of identify {unknown}
 l - 3 scrolls of teleportation {unknown}
 o - a scroll of immolation {unknown}
 q - a scroll of amnesia {unknown}
 s - a scroll of noise {unknown}
 t - a scroll of acquirement {unknown}
 u - a scroll of torment {unknown}
Potions
 d - a potion of might
 f - 2 potions of degeneration {unknown}
 m - a potion of heal wounds {unknown}
 n - 2 potions of attraction {unknown}
 p - a potion of lignification {unknown}
 r - 2 potions of mutation {unknown}
 v - a potion of curing
 x - a potion of berserk rage {unknown}


   Skills:
 + Level 6.2 Fighting
 * Level 7.1 Polearms
 + Level 6.2 Armour
 + Level 7.5 Shields


You had 8 spell levels left.
You didn't know any spells.
Your spell library contained the following spells:

 Spells                   Type           Power      Damage    Failure   Level
 Magic Dart               Conj           0%         1d3       67%         1
 Call Imp                 Summ           0%         N/A       80%         2
 Cigotuvi's Dreadful Rot  Necr/Alch/Air  0%         N/A       80%         2
 Dazzling Flash           Conj/Hex       0%         N/A       95%         3
 Volatile Blastmotes      Fire/Tloc      0%         2d10      95%         3
 Dispel Undead            Necr           0%         3d6       100%        4
 Martyr's Knell           Necr/Summ      0%         N/A       100%        4
 Death Channel            Necr           0%         N/A       100%        6
 Starburst                Conj/Fire      0%         6d3       100%        6
 Maxwell's Capacitive Co  Air            0%         ∞         100%        8
 Blink                    Tloc           Unusable   N/A       N/A         2

Dungeon Overview and Level Annotations

Branches:
Dungeon (6/15)             Temple (1/1) D:4

Altars:
Cheibriados
Dithmenos
Gozag
Kikubaaqudgha
Makhleb
Nemelex Xobeh
Okawaru
Qazlal
Ru
Sif Muna
Trog
Uskayaw
Vehumet
Wu Jian
Yredelemnul
Zin
The Shining One

Shops:
D:4 ?


Innate Abilities, Weirdness & Mutations

You cannot be hasted, slowed, berserked, paralysed or teleported.
You can dig through walls and to a lower floor.
You have a pair of large antennae on your head. (SInv)
Your four strong arms can wield two-handed weapons with a shield.


Message History

Your life force feels restored.
Your Polearms skill increases to level 7! 2 wights come into view.
A wight is wielding a +3 battleaxe of freezing.
You lunge at the wight.
You slice the wight!!
You destroy the wight!
The Council accepts your kill.
Things that are here:
a +0 halberd; a +0 robe
Things that are here:
a +3 flail of freezing; a +0 robe Reach: a) +0 glaive
Press: ? - help, Dir - move target, f - wight
Aim: a wight, wielding a +3 battleaxe of freezing and wearing a +0 robe (about 38% to evade your +0 glaive)
You reach to attack!
You slash the wight!
The wight is almost destroyed.
Reach: a) +0 glaive
Press: ? - help, Dir - move target, f/p - wight
Aim: a wight, wielding a +3 battleaxe of freezing and wearing a +0 robe (almost destroyed, about 38% to evade your +0 glaive)
You barely miss the wight.
The wight is almost destroyed.
The wight hits you with a +3 battleaxe of freezing!
You feel drained. The wight freezes you. The wight barely misses you.
You block the wight's attack.
Reach: a) +0 glaive
Press: ? - help, Dir - move target, f/p - wight
Aim: a wight, wielding a +3 battleaxe of freezing and wearing a +0 robe (almost destroyed, about 38% to evade your +0 glaive)
You barely miss the wight.
The wight is almost destroyed.
The wight hits you with a +3 battleaxe of freezing.
* * * LOW HITPOINT WARNING * * *
The wight freezes you.
* * * LOW HITPOINT WARNING * * *
The wight hits you from afar with a +0 halberd!
* * * LOW HITPOINT WARNING * * *
The wight attacks as it pursues you!
The wight hits you with a +3 battleaxe of freezing.
* * * LOW HITPOINT WARNING * * *
The wight freezes you.
You die...

.#.#.#####.##.##
#.#.........##.# .#
####.###.#####....#####.#
#.........<.............#
..##.#######...#######..#
..##.##...#....# #..#
........#......# #..#
#....##.....##########..###
...#.........)..@z.z......#
##.##...###.###########.###
#.#..>..##<# #.#
#.#.######.# #)# #.#.# #.#
#)# #.#.# #.# #)# #.#.# #.#
#z# #.#.# #.# #.# #.#.# #.#


You could see 2 wights.

Vanquished Creatures
  Sigmund (D:6)
  4 black bears
  A phantom (D:5)
  Blork the orc (D:6)
  4 scorpions
  3 wights (D:6)
  A howler monkey (D:4)
  2 bombardier beetles
  2 jellies
  A hound (D:4)
  A sleepcap (D:6)
  An iguana (D:5)
  Robin (D:4)
  3 gnolls (D:4)
  10 adders
  A shadow imp (D:6)
  2 white imps
  2 ufetubi (D:6)
  2 ribbon worms
  3 dart slugs
  3 orcs
  9 ball pythons
  3 bats
  8 endoplasms
  5 giant cockroaches
  15 goblins
  11 hobgoblins
  2 jackals (D:4)
  7 kobolds
  3 quokkas
  4 frilled lizards
  4 rats
120 creatures vanquished.

Notes
Turn   | Place    | Note
-------+----------+-------------------------------------------
     0 | D:1      | Ivernyr the Formicid Fighter began the quest for the Orb.
     0 | D:1      | Reached XP level 1. HP: 18/18 MP: 1/1
    82 | D:1      | Reached XP level 2. HP: 24/24 MP: 2/2
   406 | D:1      | Reached XP level 3. HP: 29/29 MP: 3/3
   899 | D:2      | Found a faded altar of an unknown god.
  1148 | D:2      | Reached XP level 4. HP: 37/37 MP: 4/4
  1651 | D:3      | Reached XP level 5. HP: 42/42 MP: 5/5
  1693 | D:3      | Found a sacrificial altar of Ru.
  1900 | D:4      | Found a staircase to the Ecumenical Temple.
  2025 | Temple   | Entered the Ecumenical Temple
  2099 | D:4      | Noticed a black bear
  2118 | D:4      | Killed a black bear
  2119 | D:4      | Reached skill level 5 in Shields
  2119 | D:4      | Reached XP level 6. HP: 46/48 MP: 6/6
  2134 | D:4      | Noticed Robin
  2151 | D:4      | You fall into a shaft and drop 2 floors!
  2605 | D:6      | HP: 1/49 [scorpion (5)]
  2764 | D:6      | Noticed Blork the orc
  2771 | D:6      | Killed Blork the orc
  2772 | D:6      | Reached XP level 7. HP: 54/55 MP: 7/7
  2805 | D:5      | Entered Level 5 of the Dungeon
  2965 | D:4      | Reached skill level 5 in Polearms
  3049 | D:4      | Reached skill level 5 in Fighting
  3049 | D:4      | Reached skill level 5 in Armour
  3222 | D:4      | Killed Robin
  3223 | D:4      | Reached XP level 8. HP: 30/62 MP: 8/8
  3464 | D:4      | You fall into a shaft and drop 1 floor!
  3726 | D:4      | Found an ornate altar of the Wu Jian Council.
  3737 | D:4      | Became a worshipper of the Wu Jian Council
  3767 | D:4      | Found Zoemuisoath's Magic Scroll Boutique.
  4274 | D:5      | Found an opulent altar of Gozag.
  4454 | D:5      | Found a sparkling altar of Nemelex Xobeh.
  4869 | D:6      | Noticed Sigmund
  4873 | D:6      | Killed Sigmund
  4879 | D:6      | Reached XP level 9. HP: 65/69 MP: 9/9
  5005 | D:6      | HP: 1/67 [wight/+3 battleaxe of freezing (4)]
  5005 | D:6      | Slain by a wight

Illustrated notes

Levels and vault maps discovered:
D:1:      spicycebolla_arrival_clurvy, layout_basic
D:2:      layout_basic, hellmonk_ecumenical_altar_inner_sanctum
D:3:      layout_rooms, nicolae_overflow_crystal_walls
D:4:      layout_basic, mainiacjoe_overflow_alcove_2,
          minmay_temple_entry_offerings, serial_shops, nicolae_lakefront_shop,
          uniq_robin
D:5:      layout_basic, nemelex_diamond_rough_becter,
          mainiacjoe_overflow_alcove_1, hangedman_decor_growths
D:6:      layout_basic, kennysheep_generic_room_14, uniq_blork_the_orc,
          uniq_sigmund
Temple:   oiseaux_autumnal_temple

Skill      XL: |  1  2  3  4  5  6  7  8  9 |
---------------+----------------------------+-----
Polearms       | 3 4 5 6 7 |  7.1
Fighting       | 4 5 6 |  6.2
Armour         | 4 5 6 |  6.2
Shields        | 5 6 7 |  7.5

Action                     |  1- 3 |  4- 6 |  7- 9 || total
---------------------------+-------+-------+-------++-------
  Melee: Trident           |   105 |    81 |       ||   186
         Glaive            |       |    44 |   178 ||   222
Ability: Shaft Self        |       |     1 |     1 ||     2
         Lunge             |       |       |     5 ||     5
    Use: Potion            |       |     1 |       ||     1
 Armour: Scale mail        |    67 |    83 |   133 ||   283
  Dodge: Dodged            |    36 |    55 |    97 ||   188
  Block: Buckler           |    24 |    33 |    60 ||   117
